Map: Miner Evacuation

Players

MattBarry

  • Race: Protoss Protoss
  • Spawn Location: 7:00

MattBarry

  • Race: Zerg Zerg

VOD

Have the link to the VOD?

Description

Time

  • Played on: Jan. 2, 2023, 10:14 p.m.
  • Length: 23:46
Show
View Real Time Build Order
Export as new Build Order

MattBarry Protoss 

Build Orders:  

Get SALT Encoding   

  12  0:02  Probe (Chrono Boost)  
  13  0:16  Probe (Chrono Boost)  
  14  0:27  Pylon  
  14  0:30  Probe (Chrono Boost)  
  15  0:52  Probe (Chrono Boost)  
  15  0:53  Gateway  
  16  1:03  Assimilator  
  16  1:05  Probe (Chrono Boost)  
  17  1:18  Probe (Chrono Boost)  
  18  1:26  Gateway  
  18  1:32  Probe (Chrono Boost)  
  19  1:40  Dark Pylon  
  19  1:45  Probe (Chrono Boost)  
  20  1:59  Cybernetics Core  
  20  2:01  Centurion  
  20  2:03  Probe (Chrono Boost)  
  23  2:22  Assimilator  
  23  2:40  Centurion x2  
  23  2:49  Pylon  
  27  2:50  Warp Gate  
  27  3:15  Forge  
  31  3:29  Protoss Ground Weapons Level 1  
  31  3:40  Stargate  
  31  3:45  Pylon  
  31  4:10  Stalker  
  31  4:19  Stalker  
  35  4:23  Oracle  
  35  4:38  Dark Pylon  
  38  4:51  Pylon  
  38  4:53  Centurion x2  
  42  5:03  Twilight Council  
  42  5:26  Stalker  
  42  5:27  Stalker  
  46  6:01  Stalker x2  
  44  6:13  Gateway  
  44  6:15  Gateway  
  40  6:35  Stalker x2  
  44  6:44  Blink  
  44  7:06  Oracle  
  44  7:10  Dark Pylon  
  44  7:15  Stalker  
  44  7:16  Stalker  
  51  7:57  Stalker x2  
  51  7:59  Centurion x2  
  59  8:13  Phase Reactor  
  57  8:32  Probe (Chrono Boost)  
  49  8:45  Dark Pylon  
  49  8:49  Probe (Chrono Boost)  
  50  8:54  Stalker x2  
  50  8:55  Centurion  
  50  8:56  Centurion  
  58  9:29  Protoss Ground Weapons Level 2  
  58  9:32  Centurion x4  
  66  9:51  Nexus  
  66  9:57  Pylon  
  66  10:30  Pylon  
  66  10:39  Pylon  
  66  10:42  Photon Cannon  
  66  11:00  Dark Shrine  
  66  11:21  Centurion x3  
  71  11:43  Probe (Chrono Boost)  
  71  11:47  Probe (Chrono Boost)  
  71  11:49  Shadow Charge  
  73  11:57  Probe (Chrono Boost)  
  74  12:04  Probe (Chrono Boost)  
  75  12:20  Centurion x3  
  75  12:21  Centurion  
  83  12:42  Photon Cannon  
  83  12:48  Dark Pylon  
  83  12:51  Probe (Chrono Boost)  
  83  12:55  Probe (Chrono Boost)  
  83  13:04  Probe (Chrono Boost)  
  83  13:11  Protoss Ground Weapons Level 3  
  83  13:12  Probe (Chrono Boost)  
  83  13:17  Argus Crystal  
  83  13:24  Forge  
  83  13:27  Gateway  
  83  13:39  Protoss Ground Armor Level 1  
  75  13:51  Probe (Chrono Boost)  
  75  13:55  Probe (Chrono Boost)  
  75  13:57  Mind Control  
  77  14:04  Probe (Chrono Boost)  
  79  14:12  Probe (Chrono Boost)  
  79  14:18  Stalker x2  
  79  14:19  Stalker  
  85  14:21  Stalker  
  85  14:28  Probe (Chrono Boost)  
  88  14:35  Probe (Chrono Boost)  
  89  14:44  Pylon  
  89  14:45  Probe (Chrono Boost)  
  89  14:46  Assimilator  
  89  14:47  Assimilator  
  91  14:52  Probe (Chrono Boost)  
  91  14:59  Darkcoil  
  92  15:02  Probe (Chrono Boost)  
  92  15:09  Probe (Chrono Boost)  
  93  15:44  Gateway  
  93  15:48  Gateway  
  93  15:52  Gateway  
  93  15:57  Pylon  
  93  15:59  Stalker  
  95  16:00  Stalker x4  
  103  16:14  Dark Pylon  
  103  16:33  Stalker x4  
  103  16:34  Stalker  
  113  17:06  Stalker  
  113  17:07  Stalker x3  
  113  17:08  Stalker x2  
  125  17:10  Stalker x2  
  125  17:19  Dark Pylon  
  129  17:36  Photon Cannon  
  129  17:39  Photon Cannon  
  127  18:26  Centurion x2  
  127  18:27  Centurion x6  
  111  18:55  Centurion x4  
  111  18:56  Centurion x4  
  123  19:07  Dark Pylon  
  123  19:23  Protoss Shields Level 1  
  123  19:25  Centurion x3  
  123  19:26  Centurion x5  
  129  19:57  Protoss Ground Armor Level 2  
  129  20:17  Dark Archon x3  
  129  20:18  Dark Archon  
  129  20:19  Dark Archon  
  149  20:30  Pylon  
  149  20:32  Pylon  
  149  20:34  Pylon  
  149  20:36  Pylon  
  149  20:37  Pylon  
  149  21:18  Dark Pylon  
  149  21:25  Centurion x2  
  149  21:26  Dark Archon x2  
  149  21:28  Centurion  
  149  21:29  Centurion x3  
  162  22:29  Dark Pylon  
  160  22:36  Centurion x4  
  160  22:37  Centurion x4  
Show
View Real Time Build Order
Export as new Build Order

MattBarry Zerg 

Build Orders:  

Get SALT Encoding   

  18  0:03  Primal Drone  
  19  0:12  Primal Drone  
  19  0:18  Primal Drone  
  21  0:26  Primal Drone  
  22  0:38  Primal Drone  
  23  0:49  Primal Drone  
  24  1:00  Primal Warden  
  25  1:11  Primal Drone  
  25  1:18  Extractor  
  26  1:42  Primal Drone  
  26  1:43  Primal Drone  
  26  1:47  Extractor  
  28  2:48  Glevig's Den  
  27  2:55  Primal Drone  
  27  2:56  Primal Drone x3  
  27  2:57  Primal Drone  
  32  3:37  Primal Drone x2  
  34  3:47  Primal Drone  
  35  4:14  Primal Attacks Level 1  
  35  4:23  Muscular Augments  
  36  4:31  Primal Warden  
  36  4:37  Primal Warden  
  38  4:42  Primal Wurm  
  38  4:45  Primal Wurm, Primal Drone x3  
  42  5:01  Primal Hydralisk x4  
  50  5:28  Primal Drone  
  51  5:33  Impaler x2  
  51  5:37  Primal Hydralisk x3  
  55  6:39  Primal Hydralisk  
  57  6:40  Primal Hydralisk x6  
  67  7:17  Impaler  
  67  7:18  Impaler x2  
  64  7:20  Impaler  
  64  7:27  Glial Reconstitution  
  64  7:29  Primal Roach x4  
  71  7:31  Primal Drone x2  
  71  7:32  Primal Drone  
  71  7:34  Impaler  
  71  7:36  Impaler  
  74  8:18  Murvar's Den  
  73  8:29  Primal Roach  
  75  8:30  Primal Roach  
  75  8:32  Primal Zergling x8  
  75  8:33  Primal Zergling x2  
  87  8:46  Primal Warden  
  88  8:58  Primal Carapace Level 1  
  88  9:18  Ravasaur  
  88  9:19  Ravasaur x4  
  88  10:07  Impaler x6  
  93  10:20  Primal Hive  
  93  10:28  Primal Swarm Host x3  
  93  10:29  Primal Swarm Host  
  105  10:32  Primal Roach x2  
  105  10:33  Primal Roach  
  111  11:09  Explosive Spores  
  108  12:07  Primal Drone x3  
  111  12:25  Extractor x2  
  111  12:28  Primal Drone  
  112  12:38  Primal Roach x3  
  112  12:39  Primal Roach x5  
  128  12:40  Primal Roach  
  130  12:51  Dakrun's Den  
  129  13:27  Primal Wurm  
  130  13:34  Primal Wurm, Primal Drone x3  
  130  13:35  Primal Drone  
  130  13:36  Primal Drone  
  130  13:37  Primal Drone x2  
  126  14:22  Primal Roach x7  
  99  15:19  Primal Roach x2  
  103  15:20  Primal Roach x9  
  116  15:31  Primal Drone x3  
  116  15:33  Primal Drone  
  116  15:36  Primal Drone  
  121  15:40  Primal Drone  
  122  15:55  Primal Drone  
  122  15:56  Primal Drone x4  
  127  16:00  Primal Drone  
  128  16:35  Primal Attacks Level 2  
  128  16:38  Primal Carapace Level 2  
  128  16:44  Primordial Fury  
  128  16:49  Primal Roach x2  
  132  16:50  Primal Roach x4  
  132  16:51  Primal Roach  
  132  16:59  Primal Guardian  
  141  17:00  Primal Guardian x5  
  141  17:01  Primal Guardian  
  141  17:03  Primal Igniter  
  141  17:04  Primal Igniter x3  
  141  17:09  Primal Drone x2  
  133  17:10  Primal Drone  
  133  17:12  Primal Drone  
  133  17:13  Primal Drone x5  
  140  17:37  Primal Roach  
  140  17:38  Primal Roach x6  
  148  18:03  Primal Roach  
  148  18:04  Primal Roach x7  
  161  19:01  Primal Roach x11  
  161  19:02  Primal Roach x5  
  189  19:49  Primal Drone  
  187  19:50  Primal Attacks Level 3  
  187  19:54  Primal Roach x4  
  187  19:55  Primal Roach  
  197  20:06  Primal Igniter x3  
  197  20:07  Primal Igniter x4  
  197  20:08  Primal Igniter  
  189  20:25  Primal Warden  
  189  20:27  Primal Warden  
  189  20:28  Primal Warden  
  193  20:30  Primal Warden  
  193  21:47  Primal Wurm x2  
  193  21:48  Primal Wurm  
  193  21:49  Primal Wurm x3  
  200  21:52  Primal Wurm  
  181  22:39  Primal Guardian  
  175  22:40  Primal Guardian x8  
  161  22:56  Primal Roach  
  161  22:57  Primal Roach x14  
  161  22:58  Primal Roach x4  
Tags
 
Commander
DehakaVorazun
Matchup
Co-op
Replay Pack
Multiplayer
Add a new tag
Caveats
  • Supply blocks, unpowered buildings, or Contaminate may cause inaccurate times.
  • Supply counts are checked every 10 seconds.